 Dungeon Crawl Stone Soup version 0.29-a0-870-g2c972031a6 (webtiles) character file.

Game seed: 4899514120700454575

247 concernfroge the Trooper (level 5, -2/47 HPs)
             Began as a Mummy Monk on July 17, 2022.
             Slain by Prince Ribbit (10 damage)
             ... on level 5 of the Dungeon.
             The game lasted 00:09:22 (3500 turns).

concernfroge the Trooper (Mummy Monk)               Turns: 3500, Time: 00:09:22

Health: -2/47      AC:  5    Str: 22    XL:     5   Next: 85%
Magic:  0/5        EV: 12    Int: 10    God:
Gold:   538        SH:  0    Dex: 14    Spells: 4/4 levels left

rFire   x . .      SeeInvis .   j - +0 glaive
rCold   + . .      Faith    .   (shield currently unavailable)
rNeg    + + +      Spirit   +   f - +2 leather armour {rN+}
rPois   ∞          Reflect  .   (no helmet)
rElec   .          Harm     .   (no cloak)
rCorr   .          Rampage  .   (no gloves)
Will    .....                   (no boots)
Stlth   ++........              i - amulet of guardian spirit
HPRegen 0.15/turn               g - +6 ring of strength
MPRegen 0.09/turn               (no ring)

@: no status effects
A: cold resistance 1, negative energy resistance 3, torment resistance 2, heat
vulnerability 1, in touch with death 1, no potions
a: no special abilities


You were on level 5 of the Dungeon.
You visited 1 branch of the dungeon, and saw 5 of its levels.

You collected 538 gold pieces.

Inventory:

Hand Weapons
 a - a +0 spear
 j - a +0 glaive (weapon)
Armour
 f - a +2 leather armour of positive energy (worn)
 h - a +0 buckler
 m - a +0 kite shield
Jewellery
 g - a +6 ring of strength (left hand)
 i - an amulet of guardian spirit (around neck)
Wands
 b - a wand of charming (11)
 l - a wand of flame (21)
Scrolls
 d - 2 scrolls of immolation
 e - a scroll of enchant armour
 k - a scroll of identify
 o - a scroll of fear {unknown}


   Skills:
 + Level 6.6 Fighting
 - Level 2.4 Polearms
 - Level 2.4 Dodging
 - Level 1.5 Stealth


You had 4 spell levels left.
You didn't know any spells.
Your spell library contained the following spells:

 Spells                   Type           Power      Damage    Failure   Level
 Portal Projectile        Hex/Tloc       0%         N/A       78%         3
 Tukima's Dance           Hex            0%         N/A       78%         3
 Blade Hands              Tmut           Unusable   N/A       N/A         5

Dungeon Overview and Level Annotations

Branches:
Dungeon (5/15)
 Temple: D:4-7

Altars:
Fedhas

Annotations:
D:4 Pikel
D:5 Eustachio, Ijyb, Prince Ribbit


Innate Abilities, Weirdness & Mutations

You are immune to poison.
Your flesh is cold resistant. (rC+)
You are immune to negative energy. (rN+++)
You are immune to unholy pain and torment.
You are vulnerable to heat. (rF-)
You are in touch with the powers of death.
You do not drink.


Message History

The hound barely misses you. The hound completely misses you.
The hound pauses to sniff the ground.
The hound barely misses you.
You slash the hound!
You kill the hound!
Found an orange potion.
You see here an orange potion.
Found a stone staircase leading down.
Ijyb the Twisted Goblin comes into view.
She is wielding a +0 club and carrying a wand of iceblast (7).
Ijyb shouts!
Ijyb zaps a wand.
The mass of ice explodes!
The iceblast engulfs you! You partially resist.
You hear a shout! x5
You reach to attack!
You hit Ijyb but do no damage.
Prince Ribbit comes into view.
Okay, then.
You closely miss Ijyb.
Prince Ribbit blinks!
Ijyb misses you. Ijyb hits you with a +0 club.
You slash Ijyb!
Ijyb is heavily wounded.
Prince Ribbit blinks!
Ijyb hits you with a +0 club.
You barely miss Ijyb.
Ijyb is heavily wounded.
Ijyb hits you but does no damage.
Eustachio the Magnificent comes into view.
He is wielding a +0 falchion of electrocution and wearing a +0 leather armour of cold resistance.
Prince Ribbit hits you!
Eustachio gestures wildly while chanting.
Eustachio blinks!
Ijyb hits you with a +0 club.
* * * LOW HITPOINT WARNING * * *
Prince Ribbit hits you.
* * * LOW HITPOINT WARNING * * *
As you read the scroll labelled VAITUICWUAGE, it crumbles to dust.
You feel aware of your surroundings.
It was a scroll of magic mapping.
Prince Ribbit barely misses you. Ijyb hits you with a +0 club.
* * * LOW HITPOINT WARNING * * *
Eustachio casts a spell.
The air fills with toxic fumes!
As you read the scroll labelled KEPHIA UVINIKK, it crumbles to dust.
It was a scroll of poison.
Prince Ribbit hits you!
You die...

###.# #..... #.#
#.##.# #.# #.##.#
*********#### #.#
#.##.#
*,,,,,,,,,br# #.#
#.##.#
*,********#@# #.#
#.##.# *,*
#r#####§# #.##.#
*,* #F§§§§§§#
#.##.# *,*
#@####### #.##..
*,* *****#g#****
#.#*** *,*
*,,,,§§§,,,* #.#
*,****,**##§##*,*
#.# *,*,,,,***#§#
*,* #.#
*,,,,,,,,,§§# *,*
#.# ***,******#§#
*,* #.# *,*
#§#**,* #.# *,*
*,,,*,* ##.#


You could see Eustachio, Prince Ribbit, Ijyb, a river rat (summoned), a quokka
(summoned) and a bat (summoned).

Vanquished Creatures
  A centaur (D:5)
  A hound (D:5)
  A jelly (D:5)
  An iguana (D:5)
  An adder (D:2)
  2 worms
  2 dart slugs
  8 endoplasms
  4 giant cockroaches
  7 goblins
  10 hobgoblins
  3 jackals (D:2)
  3 quokkas
  4 ball pythons
  5 bats
  2 frilled lizards (D:3)
  3 kobolds
  5 rats
63 creatures vanquished.

Notes
Turn   | Place    | Note
-------+----------+-------------------------------------------
     0 | D:1      | concernfroge the Mummy Monk began the quest for the Orb.
     0 | D:1      | Reached XP level 1. HP: 18/18 MP: 1/1
   196 | D:1      | Reached XP level 2. HP: 24/24 MP: 2/2
   584 | D:1      | Reached skill level 4 in Fighting
   889 | D:1      | Gained mutation: You are in touch with the powers of death.
                  | [Mummy growth]
   889 | D:1      | Reached XP level 3. HP: 30/30 MP: 3/3
  1613 | D:2      | Found a blossoming altar of Fedhas.
  2158 | D:2      | Found a faded altar of an unknown god.
  2292 | D:3      | Reached XP level 4. HP: 38/38 MP: 4/4
  2292 | D:3      | Identified a scroll of acquirement
  2384 | D:3      | Reached skill level 5 in Fighting
  2384 | D:3      | Acquired 365 gold pieces
  2723 | D:4      | Noticed a lemure
  2724 | D:4      | Noticed Pikel
  2724 | D:4      | Noticed a lemure
  2725 | D:4      | Noticed a lemure
  2726 | D:4      | Noticed a lemure
  2727 | D:5      | Entered Level 5 of the Dungeon
  2925 | D:5      | Reached XP level 5. HP: 46/46 MP: 5/5
  2971 | D:5      | Noticed a centaur
  3015 | D:5      | Killed a centaur
  3016 | D:5      | Reached skill level 6 in Fighting
  3493 | D:5      | Noticed Ijyb
  3495 | D:5      | Noticed Prince Ribbit
  3498 | D:5      | Noticed Eustachio
  3500 | D:5      | Slain by Prince Ribbit

Illustrated notes

Levels and vault maps discovered:
D:1:      zaba_arrival_water, layout_loops_corners
D:2:      layout_basic, dilly_ecumenical_altar_fadedgnrine, basic_altar,
          grunt_ministairs_9
D:3:      layout_loops_ring, uniq_jessica
D:4:      layout_cave_pods, serial_shops, nicolae_shop_waterfront, uniq_pikel,
          uniq_duvessa
D:5:      layout_loops_ring, minmay_ogre_servants, uniq_eustachio, uniq_ijyb,
          uniq_prince_ribbit1

Skill      XL: |  1  2  3  4  5 |
---------------+----------------+-----
Fighting       | 4 5 6 |  6.6
Polearms       | |  2.4
Dodging        | |  2.4
Stealth        | |  1.5

Action                   |  1- 3 |  4- 6 || total
-------------------------+-------+-------++-------
Melee: Spear             |   164 |       ||   164
       Glaive            |     8 |    55 ||    63
Evoke: Wand              |       |     1 ||     1
  Use: Scroll            |       |     9 ||     9
 Stab: Sleeping          |     9 |     1 ||    10
Armor: Robe              |     4 |       ||     4
       Leather armour    |    39 |    27 ||    66
Dodge: Dodged            |    78 |    47 ||   125
Block: Buckler           |     2 |       ||     2

Table legend: (Time is in decaauts)
 A = Elapsed time spent in this place.
 B = Non-inter-level travel time spent in this place.
 C = Inter-level travel time spent in this place.
 D = Time resting spent in this place.
 E = Time spent auto-exploring this place.
 F = Levels seen in this place.
 G = Mean time per level.
                   A        B        C        D        E       F      G
               +--------+--------+--------+--------+--------+-----+--------+
         Total |   3538 |   3448 |     90 |    123 |   2720 |   5 |  707.6 |
       Dungeon |   3538 |   3448 |     90 |    123 |   2720 |   5 |  707.6 |
               +--------+--------+--------+--------+--------+-----+--------+

Top non-repeatable levels by time:
     D:1: 1330 daAuts
     D:2: 964 daAuts
     D:5: 788 daAuts
     D:3: 242 daAuts
     D:4: 213 daAuts
